 Dungeon Crawl Stone Soup version 0.31.0-32-g396128a36d (webtiles) character file.

Game seed: 3213478284707528624

2862 tizzy the Destroyer (level 9, -1/57 HPs)
             Began as a Barachi Conjurer on Mar 19, 2024.
             Was a Follower of Cheibriados.
             Succumbed to a hornet's poison
             ... on level 8 of the Dungeon.
             The game lasted 00:23:54 (11423 turns).

tizzy the Destroyer (Barachi Conjurer)             Turns: 11423, Time: 00:23:55

Health: -1/57      AC:  6    Str: 14    XL:     9   Next: 75%
Magic:  20/20      EV: 14    Int: 31    God:    Cheibriados [*.....]
Gold:   471        SH:  0    Dex: 12    Spells: 5/23 levels left

rFire   + . .        w - +3 spear "Bainuedi" {freeze, Str+3}
rCold   . . .        (no shield)
rNeg    . . .        y - +2 leather armour {rF+}
rPois   .            C - +0 helmet
rElec   .            i - scarf {repulsion}
rCorr   .            (no gloves)
SInv    .            (no boots)
Will    .....        (no amulet)
Stlth   ++           o - +6 ring of intelligence
HPRegen 0.29/turn    (no ring)
MPRegen 0.17/turn

%: repel missiles
@: lethally poisoned (-1 -> -19), unable to hop, slowed, very slow
A: amphibious, slowness 1, strong legs 1, +LOS
a: Hop, Renounce Religion, Bend Time


You were on level 8 of the Dungeon.
You worshipped Cheibriados.
Cheibriados was aware of your devotion.
You visited 2 branches of the dungeon, and saw 9 of its levels.

You collected 471 gold pieces.

Inventory:

Hand Weapons
 w - the +3 spear "Bainuedi" (weapon) {freeze, Str+3}
   (You found it on level 4 of the Dungeon)

   Str+3:     It affects your strength (+3).
Missiles
 d - 16 poisoned darts
 j - 6 silver javelins
Armour
 f - an orb of guile
 i - a scarf of repulsion (worn)
 y - a +2 leather armour of fire resistance (worn)
 C - a +0 helmet (worn)
Jewellery
 a - a +4 ring of protection
 o - a +6 ring of intelligence (left hand)
Wands
 z - a wand of roots (30)
 B - a wand of flame (25)
Scrolls
 c - a scroll of summoning {unknown}
 e - a scroll of vulnerability {unknown}
 g - a scroll of blinking {unknown}
 h - 3 scrolls of teleportation
 k - 7 scrolls of identify {unknown}
 l - 3 scrolls of immolation {unknown}
 m - 3 scrolls of fog
 n - a scroll of fear {unknown}
 p - 2 scrolls of revelation {unknown}
 q - a scroll of acquirement {unknown}
 s - 2 scrolls of torment {unknown}
 t - a scroll of enchant armour {unknown}
 u - a scroll of brand weapon {unknown}
 A - a scroll of poison {unknown}
Potions
 b - a potion of magic
 r - a potion of lignification


   Skills:
 + Level 8.6 Dodging
 - Level 2.3 Stealth
 + Level 7.8 Spellcasting
 + Level 9.3 Conjurations


You had 5 spell levels left.
You knew the following spells:

 Your Spells              Type           Power      Damage    Failure   Level
a - Magic Dart            Conj           100%       1d8       1%          1
b - Searing Ray           Conj           100%       2d8       1%          2
c - Hailstorm             Conj/Ice       41%        3d9       2%          3
d - Freeze                Ice            48%        1d6       5%          1
e - Frozen Ramparts       Ice            24%        1d4       16%         3
f - Fulminant Prism       Conj/Alch      20%        3d12      8%          4
g - Iskenderun's Mystic   Conj/Tloc      41%        2d9       8%          4

Your spell library contained the following spells:

 Spells                   Type           Power      Damage    Failure   Level


Dungeon Overview and Level Annotations

Branches:
Dungeon (8/15)             Temple (1/1) D:5
   Lair: D:8-11

Altars:
Ashenzari
Cheibriados
Dithmenos
Elyvilon
Fedhas
Gozag
Hepliaklqana
Kikubaaqudgha
Makhleb
Nemelex Xobeh
Okawaru
Ru
Sif Muna
Vehumet
Wu Jian
Xom
Yredelemnul
Zin

Shops:
D:7 :

Annotations:
Temple 2 transporters


Innate Abilities, Weirdness & Mutations

You are amphibious.
You cover ground slowly.
You can hop short distances.
You have an extended range of vision and can be seen from far away.


Message History

Unknown command.
Aiming: Fastroot
Press: ? - help, Shift-Dir - straight line The roots erupt in riotous growth!
Roots grab the hornet.
The grasping roots constrict the hornet.
The hornet struggles to escape constriction.
Unknown command.
The grasping roots constrict the hornet.
The roots release their grip on the hornet.
The hornet stings you.
You feel yourself slow down.
As you read the scroll labelled MEEFASIABUK, it crumbles to dust.
You feel strangely unstable.
It was a scroll of teleportation.
The hornet stings you!
You feel as though you will be slow longer.
The hornet stings you.
You are poisoned.
You feel as though you will be slow longer.
Okay, then.
As you read the scroll labelled ZOHUC AKHI, it dissolves into smoke.
It was a scroll of fog.
You feel very sick. The hornet stings you!
* * * LOW HITPOINT WARNING * * *
You are lethally poisoned!
You feel as though you will be slow longer.
The hornet stings you!
* * * LOW HITPOINT WARNING * * *
You feel as though you will be slow longer.
Okay, then.
Okay, then.
Okay, then.
Okay, then.
You hit the hornet. You freeze the hornet.
The hornet is heavily wounded.
Your surroundings suddenly seem different. 5 wights, a kobold brigand and 2 kobolds come into view.
The kobold brigand is wielding a +0 whip and quivering poisoned darts.
Found a scale mail and 22 gold pieces.
You die...

....
.........#
....
#K..K....#
...
#...$....#
###
#....z...#
#
#....K...#
#
#.z......#
#
#.z..z...#
#
#....z$..#
#
#....[.@.#
#
##########
# # #####
#...#
####.#.#
.....#.#
######.#
#.#


You could see a kobold brigand (asleep), 5 wights and 2 kobolds.

Vanquished Creatures
  Joseph (D:7)
  A yak (D:7)
  3 water moccasins
  A black bear (D:5)
  An orc warrior (D:7)
  3 sky beasts
  3 ice beasts
  An ogre (D:4)
  2 phantoms
  A centaur (D:6)
  2 bullfrogs (D:7)
  2 scorpions
  6 orc priests
  2 bombardier beetles
  Crazy Yiuf (D:6)
  3 hounds
  A sleepcap (D:7)
  Terence (D:2)
  5 iguanas
  2 orc wizards (D:6)
  A gnoll (D:3)
  6 adders
  A white imp (D:6)
  6 dart slugs
  2 ribbon worms
  18 orcs
  5 ball pythons
  5 bats
  9 endoplasms
  A giant cockroach (D:1)
  5 goblins
  7 hobgoblins
  7 jackals
  8 kobolds
  5 quokkas
  9 frilled lizards
  11 rats
148 creatures vanquished.

Notes
Turn   | Place    | Note
-------+----------+-------------------------------------------
     0 | D:1      | tizzy the Barachi Conjurer began the quest for the Orb.
     0 | D:1      | Reached XP level 1. HP: 13/13 MP: 3/3
   195 | D:1      | Reached XP level 2. HP: 19/19 MP: 1/5
   744 | D:1      | Reached XP level 3. HP: 24/24 MP: 3/6
  1327 | D:1      | Learned a level 2 spell: Searing Ray
  1960 | D:2      | Reached XP level 4. HP: 30/30 MP: 2/8
  2394 | D:2      | Noticed Terence
  2400 | D:2      | Killed Terence
  2401 | D:2      | Reached skill level 5 in Conjurations
  2642 | D:3      | Found a sparkling altar of Nemelex Xobeh.
  2832 | D:3      | Reached XP level 5. HP: 35/35 MP: 5/9
  3121 | D:3      | Found a burning altar of Makhleb.
  3503 | D:3      | Found a broken altar of Ashenzari.
  4281 | D:4      | Identified the +3 spear "Bainuedi" {freeze, Str+3}
  4287 | D:4      | Noticed an ogre
  4353 | D:3      | Learned a level 3 spell: Hailstorm
  4520 | D:4      | Killed an ogre
  4521 | D:4      | Reached XP level 6. HP: 41/41 MP: 1/12
  5142 | D:4      | Reached skill level 6 in Conjurations
  5711 | D:5      | Entered Level 5 of the Dungeon
  5752 | D:5      | Reached skill level 5 in Dodging
  5752 | D:5      | Reached XP level 7. HP: 36/46 MP: 13/13
  6119 | D:5      | Found a staircase to the Ecumenical Temple.
  6360 | Temple   | Found a transporter.
  6360 | Temple   | Found a transporter.
  6360 | Temple   | Found a transporter.
  6360 | Temple   | Found a transporter.
  6360 | Temple   | Entered the Ecumenical Temple
  6380 | Temple   | Became a worshipper of Cheibriados the Contemplative
  6435 | D:5      | Reached skill level 5 in Spellcasting
  6680 | D:5      | Reached skill level 7 in Conjurations
  6680 | D:5      | Reached XP level 8. HP: 52/52 MP: 6/16
  8288 | D:6      | Found a runed translucent door.
  8289 | D:6      | Noticed Crazy Yiuf
  8346 | D:6      | Reached * piety under Cheibriados
  8419 | D:6      | Reached skill level 8 in Conjurations
  8684 | D:6      | Learned a level 1 spell: Freeze
  8688 | D:6      | Learned a level 3 spell: Frozen Ramparts
  8695 | D:6      | Killed Crazy Yiuf
  8696 | D:6      | HP: 1/52 [poisoned by Crazy Yiuf]
  9131 | D:7      | Found a shimmering altar of Xom.
  9240 | D:7      | Noticed Joseph
  9253 | D:7      | Reached XP level 9. HP: 57/57 MP: 12/19
  9310 | D:7      | Learned a level 4 spell: Fulminant Prism
  9315 | D:7      | Learned a level 4 spell: Iskenderun's Mystic Blast
 10298 | D:7      | Killed Joseph
 10299 | D:7      | Reached skill level 9 in Conjurations
 10694 | D:7      | Found Dooheusi's Vocational Training.
 10941 | D:7      | Found a shadowy altar of Dithmenos.
 10945 | D:7      | Found an iron altar of Okawaru.
 11096 | D:7      | Found an ornate altar of the Wu Jian Council.
 11204 | D:8      | Noticed a hornet
 11423 | D:8      | Succumbed to a hornet's poison

Illustrated notes

Levels and vault maps discovered:
D:1:      ebering_trefoil_3fold, layout_basic, minmay_lizard_king
D:2:      layout_basic, grunt_ministairs_8, uniq_terence
D:3:      layout_basic, nemelex_xobeh_ov_fountains_minmay, bloody_makhleb,
          marbit_many_paths
D:4:      layout_basic, dk_vineyard_3, st_stairs_10
D:5:      layout_cave_pools, minmay_temple_entry_large_hall
D:6:      layout_rooms, grunt_decor_mini_mirrors, uniq_crazy_yiuf_cottage
D:7:      layout_loops_ring, nzn_wu_jian_council_hall,
          brannock_xom_greatest_gift, minitemple, nicolae_shop_vocational,
          uniq_joseph
D:8:      layout_basic, lair_entry_dummy, onia_ninara_dug_in_and_dangerous
Temple:   hellmonk_temple_divided_pantheon

Skill      XL: |  1  2  3  4  5  6  7  8  9 |
---------------+----------------------------+-----
Stealth        | 2 |  2.3
Dodging        | 3 4 5 6 7 8 |  8.6
Spellcasting   | 3 4 5 6 7 |  7.8
Conjurations   | 5 6 7 8 9 |  9.3

Action                     |  1- 3 |  4- 6 |  7- 9 || total
---------------------------+-------+-------+-------++-------
  Melee: Unarmed           |    44 |       |       ||    44
         Spear             |    86 |    44 |    46 ||   176
         Punch             |     1 |       |       ||     1
  Throw: Dart              |       |       |    10 ||    10
         Throwing net      |       |       |     1 ||     1
   Cast: Magic Dart        |    61 |    87 |    80 ||   228
         Searing Ray       |       |     6 |    35 ||    41
         Hailstorm         |       |     2 |       ||     2
         Freeze            |       |       |     1 ||     1
         Frozen Ramparts   |       |       |     1 ||     1
Ability: Hop               |     2 |     2 |     3 ||     7
  Evoke: Wand              |       |       |     3 ||     3
    Use: Potion            |     1 |       |     9 ||    10
         Scroll            |       |       |     2 ||     2
   Stab: Sleeping          |     5 |     2 |     2 ||     9
 Armour: Robe              |    57 |    23 |    47 ||   127
         Skin              |       |       |    16 ||    16
         Leather armour    |       |       |    33 ||    33
  Dodge: Dodged            |    95 |    22 |    75 ||   192
         Repelled          |     4 |     2 |     1 ||     7
